 Dungeon Crawl Stone Soup version 0.23.1 (webtiles) character file.

Game seed: 5608013515829497351

308 Hasart the Digger (level 6, -10/32 HPs)
             Began as a Deep Elf Earth Elementalist on Mar 2, 2019.
             Mangled by a wyvern zombie (13 damage)
             ... on level 4 of the Dungeon.
             The game lasted 00:11:01 (4602 turns).

Hasart the Digger (Deep Elf Earth Elementalist)     Turns: 4602, Time: 00:11:02

Health: -10/32     AC:  4    Str:  5    XL:     6   Next: 17%
Magic:  2/15       EV: 14    Int: 22    God:
Gold:   212        SH:  0    Dex: 15    Spells: 10/14 levels left

rFire    . . .     SeeInvis .   b - +0 quarterstaff
rCold    . . .     Gourm    .   (shield currently unavailable)
rNeg     . . .     Faith    .   c - +0 robe
rPois    .         Spirit   .   (no helmet)
rElec    .         Reflect  .   (no cloak)
rCorr    .         Harm     .   (no gloves)
MR       .....                  (no boots)
Stlth    ++........             (no amulet)
HPRegen  0.10/turn              f - +2 ring of protection
MPRegen  0.14/turn              (no ring)

@: very slightly contaminated
A: no striking features
a: no special abilities


You were on level 4 of the Dungeon.
You were hungry.

You visited 1 branch of the dungeon, and saw 4 of its levels.

You collected 212 gold pieces.

Inventory:

Hand Weapons
 b - a +0 quarterstaff (weapon)
Missiles
 l - 5 stones (quivered)
Armour
 c - a +0 robe (worn)
Jewellery
 f - a +2 ring of protection (left hand)
Wands
 k - a wand of flame (26)
Scrolls
 e - 3 scrolls of identify {unknown}
 i - a scroll of random uselessness {unknown}
 j - 3 scrolls of remove curse {unknown}
 n - a scroll of fog {unknown}
 p - a scroll of fear {unknown}
Potions
 a - a potion of degeneration {unknown}
 g - a potion of cancellation {unknown}
 h - a potion of mutation {unknown}
 o - a potion of haste {unknown}
Comestibles
 d - 5 rations
 m - 3 chunks of flesh


   Skills:
 + Level 4.2 Dodging
 - Level 2.4 Stealth
 + Level 4.9 Spellcasting
 * Level 2.4 Conjurations
   Level 1.1 Transmutations
 + Level 5.4 Earth Magic


You had 10 spell levels left.
You knew the following spells:

 Your Spells              Type           Power        Failure   Level  Hunger
a - Stone Arrow           Conj/Erth      ###...       6%          3    ##.....
b - Sandblast             Erth           ####..       1%          1    None

Your spell library contained the following spells:

 Spells                   Type           Power        Failure   Level  Hunger
 Passwall                 Tmut/Erth      ###.....     4%          2    None
 Petrify                  Tmut/Erth      ###.....     26%         4    ####...
 Lee's Rapid Deconstruct  Erth           ####......   30%         5    #####..


Dungeon Overview and Level Annotations

Branches:
Dungeon (4/15)
 Temple: D:4-7

Altars:
Makhleb


Message History

Aiming: Stone Arrow (safe; 6% risk of failure)
Press: ? - help, Shift-Dir - straight line, f/p - wyvern zombie
Aim: a wyvern zombie (heavily damaged)
The stone arrow misses the wyvern zombie.
The wyvern zombie bites you.
* * * LOW HITPOINT WARNING * * *
The wyvern zombie closely misses you.
You see here a goblin corpse.
Things that are here:
a +0 club; a goblin corpse The wyvern zombie bites you.
* * * LOW HITPOINT WARNING * * *
You see here a +0 club.
The wyvern zombie closely misses you.
You see here a goblin skeleton.
The wyvern zombie bites you.
* * * LOW HITPOINT WARNING * * *
There is a stone staircase leading up here.
The wyvern zombie bites you!
You die...

#.#######.####.## #....#.
#............)).####..#...
#########.####.†........#.
#.# ##.###.(.#... #÷#
#.........# #.#
#####..###). #.# #..# .
#Z####### #>.# #@.......
...# ###########.## #..
###


You could see a wyvern zombie.

Vanquished Creatures
  A scorpion (D:4)
  A crimson imp (D:2)
  3 gnolls (D:4)
  8 adders
  An ooze (D:2)
  3 worms
  A dart slug (D:3)
  A leopard gecko (D:2)
  7 orcs
  2 ball pythons (D:1)
  7 giant cockroaches
  14 goblins
  13 hobgoblins
  3 jackals (D:3)
  5 kobolds
  2 quokkas
  7 bats
  4 frilled lizards
  24 rats
107 creatures vanquished.

Notes
Turn   | Place    | Note
-------+----------+-------------------------------------------
     0 | D:1      | Hasart the Deep Elf Earth Elementalist began the quest for
                  | the Orb.
     0 | D:1      | Reached XP level 1. HP: 10/10 MP: 6/6
   292 | D:1      | Reached XP level 2. HP: 15/15 MP: 5/8
   732 | D:2      | Reached skill level 4 in Earth Magic
   732 | D:2      | Reached XP level 3. HP: 19/19 MP: 2/10
   859 | D:1      | Learned a level 3 spell: Stone Arrow
  1637 | D:2      | Reached XP level 4. HP: 11/24 MP: 0/11
  2532 | D:2      | Found a burning altar of Makhleb.
  2537 | D:2      | Reached skill level 5 in Earth Magic
  2694 | D:3      | Reached XP level 5. HP: 28/28 MP: 9/13
  3466 | D:3      | Reached skill level 1 in Conjurations
  4302 | D:4      | Reached XP level 6. HP: 32/32 MP: 5/15
  4602 | D:4      | Mangled by a wyvern zombie

Skill      XL: |  1  2  3  4  5 |
---------------+----------------+-----
Dodging        | 3 4 |  4.2
Earth Magic    | 4 5 |  5.4
Spellcasting   | 4 |  4.9
Conjurations   | 2 |  2.4
Stealth        | |  2.4
Transmutations | |  1.1

Action                   |  1- 3 |  4- 6 || total
-------------------------+-------+-------++-------
Melee: Unarmed           |    19 |       ||    19
       Club              |     8 |       ||     8
       Dagger            |       |    53 ||    53
       Quarterstaff      |       |    73 ||    73
 Cast: Sandblast         |    33 |       ||    33
       Stone Arrow       |     9 |    68 ||    77
 Stab: Sleeping          |       |     2 ||     2
  Eat: Chunk             |     3 |    13 ||    16
Armor: Robe              |    13 |    49 ||    62
Dodge: Dodged            |    56 |   121 ||   177
